 Dungeon Sprint DCSS version 0.28-a0-1033-g1a2f33fa85 (webtiles) character file.

Game seed: 9894621226608975728

1715 ytrimaz the Grappler (level 8, -6/139 HPs)
             Began as a Troll Berserker on Dec 7, 2021.
             Was an Elder of Trog.
             Mangled by a demonic crawler (10 damage)
             ... in the Dungeon (Sprint I: "Red Sonja").
             The game lasted 00:01:04 (317 turns).

ytrimaz the Grappler (Troll Berserker)               Turns: 317, Time: 00:01:04

Health: -6/139     AC:  4    Str: 28    XL:     8   Next: 74%
Magic:  7/7        EV: 12    Int:  3    God:    Trog [****..]
Gold:   405        SH:  0    Dex:  9    Spells: 7/7 levels left

rFire   . . .      SeeInvis .     - Unarmed
rCold   . . .      Faith    .   (no shield)
rNeg    . . .      Spirit   .   a - +0 animal skin
rPois   .          Reflect  .   (helmet restricted)
rElec   .          Harm     .   (no cloak)
rCorr   .          Rampage  .   (gloves unavailable)
Will    .....      NoTele   +   (boots unavailable)
Stlth   ..........              (no amulet)
HPRegen 1.13/turn               (no ring)
MPRegen 0.10/turn               (no ring)

@: berserking (expiring), very quick
A: large, unfitting armour, claws 3, regeneration 1, shaggy fur 1, tough skin 1
a: Renounce Religion, Berserk, Trog's Hand, Brothers in Arms


You were in the Dungeon.
You worshipped Trog.
Trog was greatly pleased with you.
You visited 1 branch You collected 405 gold pieces.

Inventory:

Armour
 a - a +0 animal skin (worn)
Wands
 h - a wand of flame (22)
Scrolls
 g - a scroll of blinking
Potions
 b - a potion of curing
 c - a potion of heal wounds
 d - a potion of haste
 e - 2 potions of magic
 f - a potion of berserk rage
 i - a potion of lignification {unknown}
 j - a potion of degeneration {unknown}
 k - a potion of flight {unknown}


   Skills:
 + Level 9.7 Fighting
 + Level 9.2 Dodging
 + Level 12.9 Unarmed Combat


You had 7 spell levels left.
You didn't know any spells.
Your spell library was empty.

Dungeon Overview and Level Annotations

Branches:
Dungeon (1/1)

Altars:
Cheibriados
Dithmenos
Elyvilon
Fedhas
Gozag
Hepliaklqana
Kikubaaqudgha
Makhleb
Nemelex Xobeh
Okawaru
Qazlal
Ru
Sif Muna
Trog
Uskayaw
Vehumet
Wu Jian
Xom
Yredelemnul
Zin
The Shining One
Jiyva
Lugonu

Shops:
D :


Innate Abilities, Weirdness & Mutations

You are too large for most types of armour.
You have claws for hands.
Your natural rate of healing is unusually fast.
You are covered in fur. (AC +1)
You have tough skin. (AC +1)


Message History

* * * LOW HITPOINT WARNING * * *
The demonic crawler hits you.
* * * LOW HITPOINT WARNING * * *
You barely miss the demonic crawler. Your claw misses the demonic crawler.
The demonic crawler hits you!
* * * LOW HITPOINT WARNING * * *
The demonic crawler hits you but does no damage.
The demonic crawler hits you!
* * * LOW HITPOINT WARNING * * *
The demonic crawler hits you.
* * * LOW HITPOINT WARNING * * *
The demonic crawler hits you.
* * * LOW HITPOINT WARNING * * *
The demonic crawler hits you but does no damage.
You mangle the demonic crawler!!
The demonic crawler is almost dead.
Unknown command.
You mangle the demonic crawler!!
You kill the demonic crawler!
Trog accepts your kill. The demonic crawler barely misses you.
The demonic crawler misses you.
The demonic crawler hits you but does no damage.
Your Dodging skill increases to level 9!
Unknown command.
You mangle the demonic crawler!!
The demonic crawler is heavily wounded.
The demonic crawler closely misses you.
The demonic crawler hits you but does no damage.
The demonic crawler hits you!
* * * LOW HITPOINT WARNING * * *
Unknown command.
You mangle the demonic crawler!!
You kill the demonic crawler!
Trog accepts your kill. The demonic crawler hits you.
* * * LOW HITPOINT WARNING * * *
The demonic crawler hits you.
* * * LOW HITPOINT WARNING * * *
The demonic crawler hits you!
You die...

##################
.#.)'..#__#..)...#
.'..#..'..'..#..†##+#
'#####'#__####..@s..#
.#...#(#### #####..+
##..##:# ## _##'#_.+
..†..._# _##_.#'#
_###+#.# ## ###


You could see a demonic crawler.

Vanquished Creatures
  2 kobold demonologists (D)
  3 demonic crawlers (D)
  A slime creature (D)
  Sigmund (D)
  A yak (D)
  A floating eye (D)
  An ogre (D)
  A jelly (D)
  Ijyb (D)
12 creatures vanquished.

Notes
Turn   | Place    | Note
-------+----------+-------------------------------------------
     0 | D        | ytrimaz the Troll Berserker began the quest for the Orb.
     0 | D        | Reached XP level 1. HP: 22/22 MP: 0/0
     1 | D        | Noticed Ijyb
     8 | D        | Killed Ijyb
     9 | D        | Reached skill level 4 in Unarmed Combat
     9 | D        | Reached XP level 2. HP: 29/32 MP: 1/1
    52 | D        | Noticed an ogre
    57 | D        | Killed an ogre
    58 | D        | Reached skill level 5 in Fighting
    58 | D        | Reached skill level 5 in Dodging
    58 | D        | Reached skill level 6 in Unarmed Combat
    58 | D        | Reached XP level 3. HP: 5/42 MP: 2/2
    58 | D        | Reached XP level 4. HP: 6/50 MP: 3/3
    97 | D        | Noticed Sigmund
   104 | D        | Killed Sigmund
   104 | D        | Reached ** piety under Trog
   105 | D        | Reached skill level 8 in Unarmed Combat
   105 | D        | Reached XP level 5. HP: 58/61 MP: 4/4
   105 | D        | Reached XP level 6. HP: 65/68 MP: 5/5
   119 | D        | Found a burning altar of Makhleb.
   119 | D        | Found a viscous altar of Jiyva.
   119 | D        | Found a shimmering altar of Xom.
   119 | D        | Found a corrupted altar of Lugonu.
   119 | D        | Noticed a slime creature
   121 | D        | Found an ornate altar of the Wu Jian Council.
   121 | D        | Found a shimmering blue altar of Sif Muna.
   123 | D        | Found a radiant altar of Vehumet.
   141 | D        | Found Zaagh's Book Emporium.
   141 | D        | Found an ancient bone altar of Kikubaaqudgha.
   141 | D        | Found a hazy altar of Hepliaklqana.
   141 | D        | Found a stormy altar of Qazlal.
   141 | D        | Found a hide-covered altar of Uskayaw.
   141 | D        | Found a blossoming altar of Fedhas.
   141 | D        | Found a bloodstained altar of Trog.
   141 | D        | Found an iron altar of Okawaru.
   141 | D        | Found a basalt altar of Yredelemnul.
   141 | D        | Found a glowing golden altar of the Shining One.
   141 | D        | Found a snail-covered altar of Cheibriados.
   141 | D        | Found a sacrificial altar of Ru.
   141 | D        | Found a glowing silver altar of Zin.
   141 | D        | Found a shadowy altar of Dithmenos.
   141 | D        | Found a white marble altar of Elyvilon.
   141 | D        | Noticed a yak
   148 | D        | Killed a yak
   149 | D        | Reached skill level 9 in Unarmed Combat
   149 | D        | Found an opulent altar of Gozag.
   150 | D        | Found a sparkling altar of Nemelex Xobeh.
   217 | D        | Killed a slime creature
   217 | D        | Reached *** piety under Trog
   218 | D        | Reached skill level 10 in Unarmed Combat
   218 | D        | Reached XP level 7. HP: 65/80 MP: 6/6
   233 | D        | Noticed a kobold demonologist
   233 | D        | Noticed a kobold demonologist
   236 | D        | Paralysed by a floating eye for 4 turns
   239 | D        | Noticed a sixfirhy
   239 | D        | Noticed an orange demon
   240 | D        | Noticed a hellwing
   242 | D        | Noticed a ynoxinul
   246 | D        | Killed a kobold demonologist
   247 | D        | Reached skill level 11 in Unarmed Combat
   254 | D        | Killed a kobold demonologist
   254 | D        | Reached **** piety under Trog
   255 | D        | Reached XP level 8. HP: 92/92 MP: 7/7
   301 | D        | Noticed a demonic crawler
   301 | D        | Noticed a demonic crawler
   301 | D        | Noticed a demonic crawler
   301 | D        | Noticed a demonic crawler
   307 | D        | Killed a demonic crawler
   308 | D        | Reached skill level 12 in Unarmed Combat
   315 | D        | Killed a demonic crawler
   317 | D        | Killed a demonic crawler
   317 | D        | HP: 4/139 [demonic crawler (6)]
   317 | D        | Mangled by a demonic crawler

Illustrated notes

Levels and vault maps discovered:
D:        dungeon_sprint_1 [red_sonja_temple_1, red_sonja_temple_small_1]

Skill      XL: |  1  2  3  4  5  6  7  8 |
---------------+-------------------------+-----
Fighting       | 3 5 6 8 9 |  9.7
Dodging        | 3 5 6 7 8 9 |  9.2
Unarmed Combat | 4 6 8 10 11 12 | 12.9

Action                   |  1- 3 |  4- 6 |  7- 9 || total
-------------------------+-------+-------+-------++-------
Melee: Unarmed           |     9 |    17 |    31 ||    57
       Punch             |     1 |     4 |     2 ||     7
Invok: Berserk           |     2 |       |     2 ||     4
Armor: Animal skin       |       |       |    10 ||    10
Dodge: Dodged            |     2 |     3 |    18 ||    23

Table legend: (Time is in decaauts)
 A = Elapsed time spent in this place.
 B = Non-inter-level travel time spent in this place.
 C = Inter-level travel time spent in this place.
 D = Time resting spent in this place.
 E = Time spent auto-exploring this place.
 F = Levels seen in this place.
 G = Mean time per level.
                   A        B        C        D        E       F      G
               +--------+--------+--------+--------+--------+-----+--------+
         Total |    334 |    334 |      0 |    179 |      1 |   1 |  334.0 |
       Dungeon |    334 |    334 |      0 |    179 |      1 |   1 |  334.0 |
               +--------+--------+--------+--------+--------+-----+--------+

Top non-repeatable levels by time:
       D: 334 daAuts
